 Dungeon Crawl Stone Soup version 0.31-a0-977-gc230f8ef24 (webtiles) character file.

Game seed: 1655667661141827791

113173 BinkBink the Grappler (level 16, -2/159 (165) HPs)
             Began as a Troll Fighter on Oct 29, 2023.
             Was the Champion of Qazlal.
             Slain by an entropy weaver (7 damage)
             ... on level 2 of the Spider Nest.
             The game lasted 00:41:12 (24868 turns).

BinkBink the Grappler (Troll Fighter)              Turns: 24868, Time: 00:41:12

HP:   -2/159 (165)  AC:  7    Str: 34    XL:     16   Next: 13%
MP:   15/15         EV: 15    Int:  4    God:    Qazlal [******]
Gold: 2853          SH: 27    Dex: 18    Spells: 15/15 levels left

rFire   + +          .
                       - Unarmed
rCold   . . .        P - +0 tower shield
rNeg    . . .        m - +0 steam dragon scales
rPois   .            (helmet restricted)
rElec   .            R - +0 cloak
rCorr   +            (gloves unavailable)
SInv    .            (boots unavailable)
Will    +....        d - amulet of regeneration
Stlth   +            f - +4 ring of slaying
HPRegen 2.06/turn    l - ring "Vyusokur" {rF++ rCorr Str+6 Dex+3}
MPRegen 0.14/turn

%: repel missiles
@: protected from physical damage, corroded, studying 3 skills, lightly drained
A: large, unfitting armour, claws 3, regeneration 1, shaggy fur 1, tough skin 1
a: Renounce Religion, Upheaval, Elemental Force, Disaster Area


You were on level 2 of the Spider Nest.
You worshipped Qazlal.
Qazlal was exalted by your worship.
You visited 5 branches of the dungeon, and saw 25 of its levels.
You also visited: Ice Cave and Volcano.

You collected 2853 gold pieces.

Inventory:

Armour
 e - +0 acid dragon scales
 m - +0 steam dragon scales (worn)
 J - +0 ice dragon scales
 P - a +0 tower shield (worn)
 Q - +0 fire dragon scales
 R - a +0 cloak (worn)
Jewellery
 d - an amulet of regeneration (around neck)
 f - a +4 ring of slaying (left claw)
 l - the ring "Vyusokur" (right claw) {rF++ rCorr Str+6 Dex+3}
   (You found it on level 5 of the Dungeon)

   [ring of strength]

   Str+6:     It affects your strength (+6).
   Dex+3:     It affects your dexterity (+3).
   rF++:      It greatly protects you from fire.
   rCorr:     It protects you from acid and corrosion.
 A - an amulet of guardian spirit
 D - a +4 ring of slaying
 E - a ring of magical power
 I - a ring of fire
 K - a +4 ring of slaying
 L - an amulet of the acrobat
 M - a ring of positive energy
 S - a ring of ice
 T - a ring of protection from cold
Talismans
 t - a serpent talisman
 v - a granite talisman
Wands
 y - a wand of flame (31)
 z - a wand of charming (12)
 N - a wand of light (5)
 X - a wand of iceblast (6)
Scrolls
 a - a scroll of summoning
 b - a scroll of revelation
 h - 13 scrolls of teleportation
 j - a scroll of blinking
 k - 2 scrolls of amnesia
 p - 3 scrolls of noise
 r - 2 scrolls of poison
 C - a scroll of vulnerability
 G - a scroll of silence
 H - 2 scrolls of enchant weapon
 O - 4 scrolls of fear
 U - a scroll of identify
 V - 2 scrolls of immolation
 W - 4 scrolls of fog
Potions
 c - 2 potions of might
 g - 2 potions of cancellation
 i - 4 potions of enlightenment
 n - 8 potions of curing
 o - 3 potions of mutation
 q - a potion of lignification
 s - 3 potions of brilliance
 u - a potion of invisibility
 w - 5 potions of ambrosia
 x - 3 potions of haste
 B - 2 potions of magic
 F - 4 potions of resistance
 Y - 3 potions of attraction


   Skills:
 + Level 11.9 Fighting
 + Level 11.9 Dodging
 + Level 12.9 Shields
 + Level 13.9 Unarmed Combat
 + Level 11.1 Shapeshifting


You had 15 spell levels left.
You didn't know any spells.
Your spell library contained the following spells:

 Spells                   Type           Power      Damage    Failure   Level
 Apportation              Tloc           0%         N/A       77%         1
 Necrotise                Necr           0%         1d4       77%         1
 Shock                    Conj/Air       0%         1d3       77%         1
 Summon Small Mammal      Summ           0%         N/A       77%         1
 Blink                    Tloc           0%         N/A       88%         2
 Lesser Beckoning         Tloc           0%         N/A       88%         2
 Momentum Strike          Conj/Tloc      0%         3d8       88%         2
 Static Discharge         Conj/Air       0%         3-3/arc   88%         2
 Sublimation of Blood     Necr           0%         N/A       88%         2
 Wereblood                Tmut           0%         N/A       88%         2
 Stone Arrow              Conj/Erth      0%         3d7       98%         3
 Swiftness                Air            0%         N/A       98%         3
 Vampiric Draining        Necr           0%         2d6       98%         3
 Airstrike                Air            0%         2d(0-16)  100%        4
 Anguish                  Hex/Necr       0%         N/A       100%        4
 Animate Armour           Summ/Erth      0%         N/A       100%        4
 Cause Fear               Hex            0%         N/A       100%        4
 Leda's Liquefaction      Hex/Erth       0%         N/A       100%        4
 Manifold Assault         Tloc           0%         N/A       100%        4
 Summon Lightning Spire   Summ/Air       0%         N/A       100%        4
 Vhi's Electric Charge    Tloc/Air       0%         N/A       100%        4
 Agony                    Necr           0%         N/A       100%        5
 Alistair's Intoxication  Tmut/Pois      0%         N/A       100%        5
 Arcjolt                  Conj/Air       0%         1d10      100%        5
 Borgnjor's Vile Clutch   Necr/Erth      0%         N/A       100%        5
 Irradiate                Conj/Tmut      0%         3d11      100%        5
 Lee's Rapid Deconstruct  Erth           0%         3d4*      100%        5
 Summon Forest            Summ/Tloc      0%         N/A       100%        5
 Summon Mana Viper        Hex/Summ       0%         N/A       100%        5
 Bombard                  Conj/Erth      0%         9d1       100%        6
 Dispersal                Tloc           0%         N/A       100%        6
 Eringya's Noxious Bog    Tmut/Pois      0%         4d6       100%        6
 Plasma Beam              Fire/Air       0%         2x1d10    100%        6
 Summon Cactus Giant      Summ           0%         N/A       100%        6
 Enfeeble                 Hex            0%         N/A       100%        7
 Summon Hydra             Summ           0%         N/A       100%        7
 Disjunction              Tloc           0%         N/A       100%        8
 Lehudib's Crystal Spear  Conj/Erth      0%         10d2      100%        8


Dungeon Overview and Level Annotations

Branches:
Dungeon (15/15)            Temple (1/1) D:4            Lair (5/5) D:9
 Shoals (0/4) Lair:2       Spider (2/4) Lair:2        Slime (0/5) Lair:4
    Orc (2/2) D:10            Elf (0/3) Orc:2        Vaults (0/5) D:13
 Depths (0/4) D:15          IceCv (visited)         Volcano (visited)

Altars:
Ashenzari
Cheibriados
Dithmenos
Elyvilon
Fedhas
Gozag
Hepliaklqana
Kikubaaqudgha
Makhleb
Nemelex Xobeh
Okawaru
Qazlal
Ru
Sif Muna
Trog
Uskayaw
Vehumet
Wu Jian
Xom
Yredelemnul
Zin
The Shining One
Jiyva

Shops:
D:5 [   D:11 *   Orc:2 (=::

Annotations:
Lair:4 1 runed translucent door
Orc:2 3 runed translucent doors, topfpfpflanze's ghost, journeyman FeCj


Innate Abilities, Weirdness & Mutations

You are too large for most types of armour.
You have claws for hands.
Your natural rate of healing is unusually fast.
You are covered in fur. (AC +1)
You have tough skin. (AC +1)


Message History

The demonic crawler is lightly wounded.
You feel extremely sick.
The redback is engulfed in freezing vapours.
You block the entropy weaver's attack. x2; The entropy weaver misses you.
The entropy weaver closely misses you. The demonic crawler closely misses you.
The demonic crawler hits you.
You feel protected from physical attacks.
The demonic crawler hits you. You block the redback's attack.
You mangle the redback!!
You kill the redback!
Qazlal accepts your kill.
You feel extremely sick.
The entropy weaver is engulfed in blazing flames.
The entropy weaver hits you!
You feel more protected from physical attacks.
You block the entropy weaver's attack. x3; The demonic crawler hits you!
The demonic crawler misses you. The demonic crawler hits you!
* * * LOW HITPOINT WARNING * * *
You scratch the demonic crawler but do no damage.
You feel extremely sick. You block the entropy weaver's attack.
The entropy weaver closely misses you. You block the entropy weaver's attack.
The entropy weaver hits you but does no damage.
The demonic crawler hits you!
* * * LOW HITPOINT WARNING * * *
The demonic crawler hits you!
* * * LOW HITPOINT WARNING * * *
You block the demonic crawler's attack.
You feel better. The entropy weaver hits you.
* * * LOW HITPOINT WARNING * * *
You feel more protected from physical attacks.
You block the entropy weaver's attack. x2
The entropy weaver barely misses you. The demonic crawler closely misses you.
The demonic crawler hits you!
* * * LOW HITPOINT WARNING * * *
You feel more protected from physical attacks.
You block the demonic crawler's attack.
The entropy weaver hits you but does no damage.
You block the entropy weaver's attack. The entropy weaver hits you!
You die...

#.........).#.#.###
#....^.^.......^..##
.
#........##†......#
..
##..^.##...........
...
#....^###.........
... #....##
#..^...... . ..
#..☼.# ##....<...
....#○#°°..#
#........
.....°s@..##
####.....
.....○B†..#
#....††..
.....○§..°#
...#.......<
###.......#
........†<.#
.........#
..#....^.^..
..........#
#....†....
##........#
#......^^.
..........
.......###.
......... #.


You could see an entropy weaver and a demonic crawler.

Vanquished Creatures
  Agnes (D:14)
  An orc warlord (Orc:1)
  2 broodmothers
  Nessos (D:14)
  An ettin (D:10)
  Snorg (D:14)
  A fire dragon (Volcano)
  10 slime creatures
  A rakshasa (D:15)
  Erolcha (D:13)
  An ice dragon (IceCv)
  7 hydras
  5 vault guards
  4 catoblepae
  An ogre mage (Orc:2)
  The ghost of ongoing the Grappler, a novice TrSh of Qazlal (D:8)
  5 two-headed ogres
  5 centaur warriors
  Erica (Lair:1)
  6 boulder beetles
  5 death yaks (Lair:5)
  Nergalle (Lair:1)
  An occultist (D:15)
  4 orc high priests (Orc:2)
  Sonja (D:11)
  A shadow wraith (D:13)
  2 skysharks
  Amaemon (D:9)
  4 pharaoh ants (Spider:1)
  A skeletal warrior (D:9)
  Lodul (D:11)
  An obsidian statue (Volcano)
  3 steelbarb worms
  3 orb spiders
  2 lindwurms
  5 orc knights
  A necromancer (D:15)
  A deep elf zephyrmancer (D:15)
  A deep elf pyromancer (D:13)
  6 manticores
  An oklob plant (Lair:3)
  3 cyclopes
  7 orc sorcerers
  An ugly thing (D:13)
  5 wolf spiders (Spider:1)
  Maurice (D:11)
  2 ice statues (IceCv)
  2 black mambas
  5 elephants (Lair:2)
  A black mamba (shapeshifter) (D:15)
  2 gargoyles (D:12)
  An orange demon (D:9)
  4 torpor snails
  13 cane toads
  A freezing wraith (D:15)
  Maggie (D:7)
  An efreet (D:12)
  2 komodo dragons
  5 rime drakes
  A spectral unseen horror (D:9)
  4 tengu conjurers (D:15)
  A merfolk (Lair:2)
  A polar bear (shapeshifter) (D:15)
  3 meliai (D:13)
  5 polar bears
  8 trolls
  A harpy skeleton (D:15)
  6 tarantellas
  15 blink frogs
  A meliai zombie (D:15)
  10 jumping spiders
  5 culicivoras
  4 wraiths
  5 wyverns
  A vampire (D:12)
  A basilisk (shapeshifter) (D:10)
  An unseen horror simulacrum (D:9)
  52 yaks
  5 fire bats (Volcano)
  A steam dragon (D:10)
  8 basilisks
  22 redbacks
  2 wargs
  5 vampire mosquitoes
  8 acid dragons
  7 water moccasins
  2 hell hounds (Volcano)
  24 orc warriors
  A black bear (D:6)
  2 ice beasts
  19 ogres
  19 wolves
  4 boggarts (Lair:4)
  9 centaurs
  A phantom (D:5)
  5 kobold brigands
  A gnoll sergeant (D:8)
  10 bullfrogs
  5 scorpions
  14 wights
  17 killer bees
  3 lindwurm simulacra (IceCv)
  2 electric eels
  A howler monkey (D:8)
  9 komodo dragon simulacra (IceCv)
  7 lava snakes (Volcano)
  A jelly (D:6)
  10 hounds
  Crazy Yiuf (D:6)
  3 gnoll boudas
  12 orc priests
  6 iguanas
  30 orc wizards
  4 hell rats (Lair:5)
  4 centaur simulacra
  A killer bee simulacrum (D:9)
  18 gnolls
  6 acid dragon simulacra (IceCv)
  13 adders
  12 white imps (Lair:1)
  2 ufetubi (D:7)
  3 steam dragon simulacra (IceCv)
  3 worms
  6 dart slugs
  69 orcs
  6 ball pythons
  8 endoplasms
  5 giant cockroaches
  5 hobgoblins
  8 jackals (D:2)
  26 kobolds
  8 quokkas
  5 bats
  2 frilled lizards
  2 goblins
  7 rats
783 creatures vanquished.

Vanquished Creatures (others)
  An orc priest (Orc:2)
  An orc (D:8)
2 creatures vanquished.

Grand Total: 785 creatures vanquished

Notes
Turn   | Place    | Note
-------+----------+-------------------------------------------
     0 | D:1      | BinkBink the Troll Fighter began the quest for the Orb.
     0 | D:1      | Reached XP level 1. HP: 22/22 MP: 0/0
    88 | D:1      | Found a faded altar of an unknown god.
   226 | D:1      | Reached XP level 2. HP: 27/29 MP: 1/1
   241 | D:1      | You fall into a shaft and drop 1 floor!
   334 | D:2      | Found an iron altar of Okawaru.
   456 | D:2      | Reached XP level 3. HP: 30/36 MP: 2/2
  1566 | D:3      | Reached XP level 4. HP: 44/44 MP: 3/3
  1631 | D:3      | Reached skill level 3 in Unarmed Combat
  1639 | D:3      | Reached XP level 5. HP: 36/53 MP: 4/4
  1844 | D:3      | Found a broken altar of Ashenzari.
  2157 | D:3      | Found a blossoming altar of Fedhas.
  2756 | D:4      | Reached XP level 6. HP: 61/61 MP: 5/5
  3031 | D:4      | Found a staircase to the Ecumenical Temple.
  3050 | Temple   | Entered the Ecumenical Temple
  3059 | Temple   | Became a worshipper of Qazlal Stormbringer
  3467 | D:5      | Entered Level 5 of the Dungeon
  3591 | D:5      | Noticed an orc warrior
  3602 | D:5      | Killed an orc warrior
  3603 | D:5      | Reached skill level 4 in Unarmed Combat
  3611 | D:5      | Reached XP level 7. HP: 51/68 MP: 6/6
  3885 | D:5      | Identified the ring "Vyusokur" {rF++ rCorr Str+6 Dex+3}
  3968 | D:5      | Found Diallusk's Antique Armour Boutique.
  4300 | D:5      | Reached * piety under Qazlal
  4301 | D:5      | Reached skill level 5 in Shields
  4312 | D:5      | Reached skill level 5 in Unarmed Combat
  4312 | D:5      | Reached XP level 8. HP: 65/79 MP: 7/7
  4712 | D:6      | Found a snail-covered altar of Cheibriados.
  4713 | D:6      | Found an ornate altar of the Wu Jian Council.
  4863 | D:6      | Reached skill level 5 in Dodging
  4902 | D:6      | Reached skill level 5 in Fighting
  5223 | D:6      | Found a runed translucent door.
  5224 | D:6      | Noticed Crazy Yiuf
  5669 | D:7      | Reached ** piety under Qazlal
  5675 | D:7      | Reached skill level 6 in Unarmed Combat
  5729 | D:7      | Found a bloodstained altar of Trog.
  5818 | D:7      | Noticed Maggie
  5819 | D:7      | Reached XP level 9. HP: 79/88 MP: 8/8
  5845 | D:7      | Killed Maggie
  6380 | D:8      | Found a transporter.
  6382 | D:8      | Noticed ongoing's ghost (novice TrSh)
  6392 | D:8      | Found a transporter.
  6449 | D:8      | Found a basalt altar of Yredelemnul.
  6457 | D:8      | Noticed a profane servitor
  6504 | D:8      | Found a hazy altar of Hepliaklqana.
  6533 | D:8      | Found an ancient bone altar of Kikubaaqudgha.
  6766 | D:8      | Found a glowing golden altar of the Shining One.
  6769 | D:8      | Noticed an angel
  6928 | D:9      | Noticed a troll
  6937 | D:9      | Killed a troll
  6938 | D:9      | Reached skill level 7 in Unarmed Combat
  6974 | D:9      | Noticed a two-headed ogre
  7047 | D:9      | Killed a two-headed ogre
  7048 | D:9      | Reached skill level 1 in Shapeshifting
  7085 | D:9      | Noticed Amaemon
  7281 | D:9      | Reached XP level 10. HP: 100/100 MP: 9/9
  7311 | D:9      | Reached *** piety under Qazlal
  7435 | D:9      | Found a staircase to the Lair.
  7574 | D:9      | Noticed a skeletal warrior
  7596 | D:9      | Killed a skeletal warrior
  7597 | D:9      | Reached skill level 8 in Unarmed Combat
  7659 | D:9      | Identified the +9 dagger "Kisas" {pain, rC+++ Str-2 Int+4}
  7731 | D:9      | Killed Amaemon
  7738 | D:9      | Noticed an orange demon
  7751 | D:9      | Killed an orange demon
  8104 | D:10     | Entered Level 10 of the Dungeon
  8111 | D:10     | Reached XP level 11. HP: 109/109 MP: 10/10
  8578 | D:10     | Reached **** piety under Qazlal
  8640 | D:10     | Found a staircase to the Orcish Mines.
  8682 | D:10     | Found an opulent altar of Gozag.
  9301 | D:11     | Noticed Maurice
  9305 | D:11     | Noticed Lodul
  9400 | D:11     | Reached skill level 9 in Unarmed Combat
  9466 | D:11     | Reached skill level 5 in Shapeshifting
  9521 | D:11     | Noticed Sonja
  9529 | D:11     | Killed Sonja
  9605 | D:11     | Killed Lodul
  9686 | D:11     | Maurice stole a +4 ring of slaying
  9688 | D:11     | Killed Maurice
  9793 | D:11     | Found Moeqi's General Store.
  9923 | D:12     | Noticed a boulder beetle
  9937 | D:12     | Killed a boulder beetle
  9954 | D:12     | Reached XP level 12. HP: 120/120 MP: 11/11
  9971 | D:12     | Reached ***** piety under Qazlal
 10153 | D:12     | Noticed a two-headed ogre
 10162 | D:12     | Killed a two-headed ogre
 10333 | D:12     | Reached skill level 10 in Unarmed Combat
 11047 | D:13     | Noticed an eight-headed hydra
 11118 | D:13     | Noticed Erolcha
 11121 | D:13     | Killed Erolcha
 11145 | D:13     | Noticed a vault guard
 11145 | D:13     | Noticed a vault guard
 11145 | D:13     | Noticed a vault guard
 11145 | D:13     | Noticed a vault guard
 11145 | D:13     | Noticed a vault guard
 11146 | D:13     | Found a gate to the Vaults.
 11146 | D:13     | Noticed a vault guard
 11146 | D:13     | Noticed a vault guard
 11147 | D:13     | Noticed a vault guard
 11162 | D:12     | Killed a vault guard
 11258 | Orc:1    | Entered Level 1 of the Orcish Mines
 11262 | Orc:1    | Noticed an ettin
 11264 | Orc:1    | Paralysed by an orc sorcerer for 3 turns
 11273 | D:10     | Killed an ettin
 11716 | Orc:1    | Found a burning altar of Makhleb.
 11908 | Orc:2    | Entered Level 2 of the Orcish Mines
 11908 | Orc:2    | Noticed a two-headed ogre
 11908 | Orc:2    | Noticed a two-headed ogre
 11912 | Orc:2    | Noticed an ogre mage
 11947 | Orc:2    | Noticed an orc warlord
 11948 | Orc:2    | Reached skill level 10 in Shields
 12107 | Orc:1    | HP: 2/123 [orc warlord/+1 vampiric battleaxe (25)]
 12112 | Orc:1    | Killed an orc warlord
 12198 | Orc:2    | Found an iron altar of Okawaru.
 12263 | Orc:2    | Noticed topfpfpflanze's ghost (journeyman FeCj)
 12264 | Orc:2    | Noticed a minotaur
 12299 | Orc:2    | Reached XP level 13. HP: 125/131 MP: 12/12
 12582 | Orc:2    | Found a runed translucent gate.
 12583 | Orc:2    | Found a runed translucent gate.
 12584 | Orc:2    | Found a runed translucent gate.
 12774 | Orc:2    | Reached ****** piety under Qazlal
 12923 | Orc:2    | Found a staircase to the Elven Halls.
 12963 | Orc:2    | Reached skill level 11 in Unarmed Combat
 13406 | Orc:2    | Found Korirhevu's Book Shop.
 13406 | Orc:2    | Found Tiuveym's Book Shop.
 13407 | Orc:2    | Found Goerchas's Jewellery Shoppe.
 13407 | Orc:2    | Found Aliadgh's Weapon Shoppe.
 13811 | Lair:1   | Entered Level 1 of the Lair of Beasts
 13871 | Lair:1   | Noticed Nergalle
 13888 | Lair:1   | Killed Nergalle
 13942 | Lair:1   | Noticed Erica
 13952 | Lair:1   | Killed Erica
 14025 | Lair:1   | Reached skill level 10 in Fighting
 14082 | Lair:1   | Found a frozen archway.
 14110 | Lair:1   | Reached skill level 10 in Dodging
 14118 | IceCv    | Entered an ice cave
 15168 | Lair:2   | Reached XP level 14. HP: 143/143 MP: 13/13
 15288 | Lair:2   | Found a hole to the Spider Nest.
 15393 | Lair:2   | Found a transporter.
 15395 | Lair:2   | Found a transporter.
 15697 | Lair:2   | Reached skill level 12 in Unarmed Combat
 15852 | Lair:2   | Found a staircase to the Shoals.
 16582 | Lair:3   | Found a dark tunnel.
 16597 | Volcano  | Entered a volcano
 16804 | Volcano  | Found a radiant altar of Vehumet.
 17372 | Lair:4   | Found a runed translucent door.
 17372 | Lair:4   | Found a viscous altar of Jiyva.
 17372 | Lair:4   | Noticed an azure jelly
 17373 | Lair:4   | Found a staircase to the Slime Pits.
 17373 | Lair:4   | Noticed an azure jelly
 17373 | Lair:4   | Noticed an azure jelly
 17998 | Lair:5   | Entered Level 5 of the Lair of Beasts
 18622 | Lair:5   | Reached XP level 15. HP: 153/153 MP: 14/14
 19150 | D:14     | Reached skill level 10 in Shapeshifting
 19331 | D:14     | Noticed Nessos
 19341 | D:14     | Killed Nessos
 19388 | D:14     | Noticed Snorg
 19394 | D:14     | Killed Snorg
 19410 | D:14     | Reached skill level 13 in Unarmed Combat
 19472 | D:14     | Found the +3 greatsling "Punk" {acid, rCorr}
 19481 | D:14     | Noticed Agnes
 19490 | D:14     | Killed Agnes
 19811 | D:15     | Entered Level 15 of the Dungeon
 20189 | D:15     | Found a staircase to the Depths.
 20890 | Spider:1 | Entered Level 1 of the Spider Nest
 21090 | Spider:1 | Identified the +7 falchion of Rileu {spect, Str+3 Dex+3}
 22468 | D:6      | Killed Crazy Yiuf
 22639 | D:8      | Killed ongoing's ghost
 22872 | Spider:2 | Identified the "Leduc"
 23966 | Spider:1 | Reached XP level 16. HP: 121/143 MP: 15/15
 24868 | Spider:2 | HP: 5/159 [demonic crawler (11)]
 24868 | Spider:2 | Slain by an entropy weaver

Illustrated notes

Levels and vault maps discovered:
D:1:      dpeg_arrival_court, layout_basic, nicolae_ecumenical_lake_church
D:2:      layout_basic, basic_altar
D:3:      wad_woods_tower, layout_basic, cheibrodos_ashenzari_chains,
          fedhas_altar_1
D:4:      layout_loops_corners, minmay_temple_entry_arrows
D:5:      layout_gridville, serial_shops, nicolae_shop_rolling_square
D:6:      layout_loops_ring, mainiacjoe_overflow_catwalk_spiral,
          uniq_crazy_yiuf_cottage
D:7:      layout_basic, mainiacjoe_overflow_alcove_2, uniq_maggie
D:8:      layout_basic, grunt_temple_overflow_holy_war,
          mainiacjoe_overflow_alcove_4, mainiacjoe_overflow_24_doors,
          gammafunk_ghost_arena
D:9:      layout_small_grid, erik_lair_island, grunt_ministairs_13,
          dilly_guarded_unrand_morg, uniq_amaemon
D:10:     layout_loops_corners, lemuel_round_altar, orc_0_dummy,
          kennysheep_island_fort
D:11:     layout_cave_pools, serial_shops, nicolae_shop_real_fake_doors,
          corexii_hall_statues_l, uniq_lodul, uniq_sonja, uniq_maurice
D:12:     layout_basic
D:13:     hangedman_cross_stitches, layout_basic, erik_vaults_2,
          minmay_lindwurm_lava, uniq_erolcha
D:14:     layout_basic, uniq_nessos, uniq_agnes, uniq_snorg
D:15:     grunt_enter_depths_magical_seal, layout_loops_cross,
          wad_floor_pattern_1
Temple:   hellmonk_temple_flake
Lair:1:   layout_gridlike, portal_ice_cave_entry_imps,
          infiniplex_staircase_pool_2, grunt_megastairs_1, uniq_nergalle,
          uniq_erica
Lair:2:   gammafunk_boulding_lane, layout_cellular_growth,
          elwin_shoals_entry_rooms, nicolae_spider_entry_non_spiders,
          eino_small_chamber_without_monster, serial_bayou_shore_a
Lair:3:   layout_regular_city, enter_volcano_1, minmay_lair_oklob_items,
          infiniplex_staircase_pool, lemuel_fruit_tree
Lair:4:   layout_gridlike, slime_entry_2, kilobyte_rumbling_trees
Lair:5:   evilmike_catoblepas_cave, layout_hall_layers
Spider:1: layout_chambers, hangedman_spider_tarantella_strand
Spider:2: layout_spider_delve, hangedman_spider_trapstep
Orc:1:    layout_caves, bloody_makhleb
Orc:2:    st_orc_elflike, layout_caves, maelrawn_ghost_gauntlet_escape,
          okawaru_metal_pillars_1_2

Skill      XL: |  1  2  3  4  5  6  7  8  9 10 11 12 13 14 15 |
---------------+----------------------------------------------+-----
Shields        | 3 4 5 6 7 8 9 10 11 12 | 12.9
Fighting       | 3 4 5 6 7 8 9 10 11 | 11.9
Dodging        | 3 4 5 6 7 8 9 10 11 | 11.9
Unarmed Combat | 3 4 5 6 7 8 9 10 11 12 13 | 13.9
Shapeshifting  | 1 4 5 7 8 9 11 | 11.1

Action                     |  1- 3 |  4- 6 |  7- 9 | 10-12 | 13-15 | 16-18 || total
---------------------------+-------+-------+-------+-------+-------+-------++-------
  Melee: Unarmed           |   100 |   132 |   284 |   563 |  1105 |    70 ||  2254
    Use: Potion            |       |     3 |     1 |       |     2 |     1 ||     7
         Scroll            |       |       |    13 |     3 |    13 |       ||    29
   Stab: Sleeping          |     3 |       |       |       |       |       ||     3
         Petrified         |       |       |       |       |     2 |       ||     2
         Petrifying        |       |       |       |       |     1 |       ||     1
 Armour: Robe              |    54 |    86 |   135 |       |       |       ||   275
         Steam dragon scal |       |       |    31 |   267 |   551 |    53 ||   902
  Dodge: Dodged            |    29 |    64 |    89 |   134 |   381 |    31 ||   728
         Repelled          |       |       |       |     3 |     9 |       ||    12
  Block: Kite shield       |    48 |    65 |   141 |   426 |   438 |       ||  1118
         Tower shield      |       |       |       |       |   772 |   127 ||   899

Table legend: (Time is in decaauts)
 A = Elapsed time spent in this place.
 B = Non-inter-level travel time spent in this place.
 C = Inter-level travel time spent in this place.
 D = Time resting spent in this place.
 E = Time spent auto-exploring this place.
 F = Levels seen in this place.
 G = Mean time per level.
                   A        B        C        D        E       F      G
               +--------+--------+--------+--------+--------+-----+--------+
         Total |  24741 |  22854 |   1887 |   3493 |  14301 |  27 |  916.3 |
       Dungeon |  13703 |  12587 |   1116 |    991 |   9010 |  15 |  913.5 |
        Temple |     18 |      2 |     16 |      0 |      0 |   1 |   18.0 |
          Lair |   4801 |   4313 |    488 |    247 |   2820 |   5 |  960.2 |
   Spider Nest |   3317 |   3239 |     78 |   1741 |   1141 |   2 | 1658.5 |
  Orcish Mines |   2198 |   2009 |    189 |    512 |    969 |   2 | 1099.0 |
      Ice Cave |    452 |    452 |      0 |      2 |    235 |   1 |  452.0 |
       Volcano |    249 |    249 |      0 |      0 |    126 |   1 |  249.0 |
               +--------+--------+--------+--------+--------+-----+--------+

Top non-repeatable levels by time:
Spider:1: 3114 daAuts
   Orc:2: 1530 daAuts
    D:10: 1391 daAuts
    D:12: 1260 daAuts
  Lair:2: 1251 daAuts
     D:9: 1238 daAuts
     D:5: 1119 daAuts
     D:6: 1104 daAuts
     D:3: 1101 daAuts
     D:8: 1073 daAuts
  Lair:3: 939 daAuts
     D:1: 923 daAuts
  Lair:1: 903 daAuts
  Lair:5: 886 daAuts
  Lair:4: 820 daAuts
